 Dungeon Sprint DCSS version 0.17.0-28-g6e173f8 (webtiles) character file.

341398 Kidiri the Ninja (level 19, -3/117 HPs)
             Began as a Spriggan Enchanter on Nov 24, 2015.
             Was the Champion of Dithmenos.
             Slain by Antaeus (30 damage)
             ... in the Dungeon (Sprint III: "The Ten Rune Challenge").
             The game lasted 01:53:34 (25727 turns).

Kidiri the Ninja (Spriggan Enchanter)              Turns: 25727, Time: 01:53:34

Health: -3/117     AC: 17    Str: 12    XL:     19   Next: 20%
Magic:  20/46      EV: 44    Int: 30    God:    Dithmenos [******]
Gold:   2538       SH: 15    Dex: 25    Spells: 17 memorised, 1 level left

rFire  + + .     SeeInvis +     j - +0 rapier "Pexkamma" {drain, rF+ MP-9 Str+4 Int+3}
rCold  + . .     Clarity  .     n - +2 robe {rC+ rF+}
rNeg   + + +     SustAt   .     x - +3 buckler {reflect}
rPois  +         Gourm    .     J - +2 hat "Xampu" {rElec rN+ Int+4}
rElec  +         Spirit   .     P - +5 cloak of the Spider Nest {rN+}
rCorr  .         Warding  .     (gloves unavailable)
rMut   +         NoTele   +     (boots unavailable)
MR     +++..                    Q - amulet "Quhao" {rMut Str+4}
Stlth  ++++++++++               I - ring "Huwastom" {rPois rN+ Int+5 Dex+3}
                                F - ring of flight

@: frozen, flying, very slightly contaminated, wreathed by umbra, extremely
resistant to hostile enchantments, uncannily stealthy
A: unfitting armour, rough black scales 1, see invisible, herbivore 3, speed 3,
high mp 1, robust 1, slow regeneration 1, slow metabolism 2
a: Shadow Step, Shadow Form, Renounce Religion, Stop Flying
}: 6/10 runes: decaying, serpentine, silver, golden, iron, bone


You were in the Dungeon.
You worshipped Dithmenos.
Dithmenos was exalted by your worship.
You were not hungry.

You visited 1 branch You collected 7072 gold pieces.
You spent 4534 gold pieces at shops.

Inventory:

Hand Weapons
 j - the +0 rapier "Pexkamma" (weapon) {drain, rF+ MP-9 Str+4 Int+3}
   (You acquired it in the Dungeon)

   A truly terrible weapon, it drains the life of those it strikes.
   It affects your strength (+4).
   It affects your intelligence (+3).
   It protects you from fire.
   It affects your magic capacity (-9).
Missiles
 f - 15 throwing nets (quivered)
Armour
 n - a +2 robe of resistance (worn)
 x - a +3 buckler of reflection (worn)
 y - the +4 dragonskin cloak
   (You took it off Tiamat in the Dungeon)
 z - the +1 robe of Anarchy {rF- MR+ Int+6 Dex+4}
   (You took it off a deep elf death mage in the Dungeon)

   It affects your intelligence (+6).
   It affects your dexterity (+4).
   It makes you vulnerable to fire.
   It affects your resistance to hostile enchantments.
 J - the +2 hat "Xampu" (worn) {rElec rN+ Int+4}
   (You acquired it in the Dungeon)

   It affects your intelligence (+4).
   It insulates you from electricity.
   It protects you from negative energy.
 O - the +3 gold dragon armour of the Princeling {rPois rF+ rC+ rCorr}
   (You found it in the Dungeon)

   It protects you from fire.
   It protects you from cold.
   It protects you from poison.
   It protects you from acid and corrosion.
 P - the +5 cloak of the Spider Nest (worn) {rN+}
   (You found it in the Dungeon)

   It protects you from negative energy.
Jewellery
 b - an uncursed ring of magical power
 s - an uncursed ring of protection from magic
 t - an uncursed ring of protection from fire
 B - an uncursed amulet of resist corrosion
 F - a ring of flight (left hand)
 H - an uncursed ring of positive energy
 I - the ring "Huwastom" (right hand) {rPois rN+ Int+5 Dex+3}
   (You acquired it in the Dungeon)

   [ring of poison resistance]

   It affects your intelligence (+5).
   It affects your dexterity (+3).
   It protects you from poison.
   It protects you from negative energy.
 Q - the amulet "Quhao" (around neck) {rMut Str+4}
   (You found it in the Dungeon)

   [amulet of resist mutation]

   It protects you from mutation.
   It affects your strength (+4).
Wands
 a - a wand of frost (18)
 h - a wand of frost (26)
 r - a wand of digging (6)
 E - a wand of polymorph (14)
 G - a wand of hasting (5)
 K - a wand of invisibility (4)
 L - a wand of disintegration (9)
 T - a wand of heal wounds (5)
Scrolls
 d - 2 scrolls of silence
 l - 3 scrolls of torment
 p - a scroll of holy word
 v - a scroll of enchant weapon
 w - a scroll of identify
 A - 3 scrolls of amnesia
 D - 2 scrolls of blinking
 M - a scroll of fear
 N - a scroll of enchant armour
Potions
 c - a potion of might
 e - 5 potions of curing
 g - a potion of lignification
 m - 2 potions of brilliance
 o - 4 potions of cure mutation
 q - a potion of agility
 C - 4 potions of flight
 R - a potion of degeneration {unknown}
 U - 2 potions of heal wounds
Books
 i - Spellcraft, Part Six
   (You found it in the Dungeon)

   Spells                             Type                      Level
   a - Deflect Missiles               Charms/Air                   6
   b - Bolt of Cold                   Conjuration/Ice              6
   c - Poisonous Cloud                Conjuration/Poison/Air       6
   d - Invisibility                   Hexes                        6
   e - Ozocubu's Refrigeration        Ice                          6
   f - Death Channel                  Necromancy                   6
 u - the Compendium of Execration
   (You found it in the Dungeon)

   Spells                             Type                      Level
   a - Corona                         Hexes                        1
   b - Darkness                       Hexes                        6
   c - Discord                        Hexes                        8
Comestibles
 k - 17 royal jellies


   Skills:
 + Level 14.8 Fighting
 * Level 24.8 Short Blades
 + Level 13.7 Armour
 O Level 27 Dodging
 O Level 27 Stealth
 + Level 14.3 Shields
 * Level 26.6 Spellcasting
 + Level 13.6 Conjurations
 + Level 20.2 Hexes
 + Level 19.3 Translocations
 + Level 17.7 Transmutations
 + Level 14.9 Ice Magic
 + Level 13.7 Air Magic
 + Level 13.4 Earth Magic
 + Level 14.7 Poison Magic
 - Level 2.1 Invocations
 * Level 4.0 Evocations


You had one spell level left.
You knew the following spells:

 Your Spells              Type           Power        Failure   Level  Hunger
a - Corona                Hex            #######      0%          1    None
b - Ensorcelled Hibernat  Hex/Ice        ######       0%          2    None
c - Confuse               Hex            ########     0%          3    None
d - Tukima's Dance        Hex            ########     0%          3    None
e - Dazzling Spray        Conj/Hex       #######.     0%          3    None
f - Mephitic Cloud        Conj/Pois/Air  #######.     0%          3    None
g - Cure Poison           Pois           #######...   0%          2    None
h - Venom Bolt            Conj/Pois      #######...   1%          5    None
i - Olgreb's Toxic Radia  Pois           #######.     0%          4    None
j - Passwall              Trmt/Erth      #######...   0%          3    None
k - Passage of Golubria   Tloc           N/A          0%          4    None
l - Lee's Rapid Deconstr  Erth           #######...   1%          5    None
m - Invisibility          Hex            ########     1%          6    None
n - Darkness              Hex            ########..   1%          6    None
o - Poisonous Cloud       Conj/Pois/Air  #######...   1%          6    None
p - Bolt of Cold          Conj/Ice       #######...   1%          6    None
q - Discord               Hex            ########..   1%          8    ##.....


Dungeon Overview and Level Annotations

Branches:
Dungeon (1/1)

Altars:
Cheibriados
Dithmenos
Elyvilon
Fedhas
Gozag
Kikubaaqudgha
Makhleb
Nemelex Xobeh
Okawaru
Qazlal
Ru
Sif Muna
Trog
Vehumet
Xom
Yredelemnul
Zin
The Shining One
Jiyva
Lugonu

Shops:
D ![}*!(:[!}!}?}?[(%[?!:=!

Annotations:
D Antaeus


Innate Abilities, Weirdness & Mutations

You are tiny and cannot use many weapons and most armour.
You have supernaturally acute eyesight.
You are a herbivore.
You cover ground extremely quickly.
You need consume almost no food.
You are partially covered in rough black scales (AC +4, Dex -1).
You have an increased reservoir of magic (+10% MP).
You are robust (+10% HP).
You regenerate slowly when monsters are visible.


Message History

Antaeus is engulfed in poison gas.
Antaeus looks even sicker.
Casting: Poisonous Cloud
Confirm with . or Enter, or press ? or * to list all spells.
Aiming: Venom Bolt
Press: ? - help, Shift-Dir - straight line, f/p - Antaeus
Aim: Antaeus, wearing a large shield of reflection (poison gas, heavily wounded, poisoned, umbra)
The bolt of poison hits Antaeus.
Antaeus is severely wounded.
Antaeus looks even sicker.
Antaeus gestures at you. The flash freeze hits you! You partially resist.
* * * LOW HITPOINT WARNING * * *
You emit a cloud of dark smoke.
You are encased in ice.
Drink which item? (? for menu, Esc to quit)
You feel much better.
Antaeus looks even sicker.
Antaeus completely misses you. Antaeus hits you!
* * * LOW HITPOINT WARNING * * *
You emit a cloud of dark smoke.
Antaeus freezes you!! You resist.
You die...

*.§§§§§§§§≈≈§*#........#+###.....
*§§.§§§§§§§§§*#≈......≈#≈≈≈##....
*§§§§§§§§§§§§*#)≈....≈)#+#+###...
*§.§§§.§.§§§§*####''####.#.# ##+#
*8§§§§§.§.§§8*#..+.....#+#####.≈≈
######+###############.#..+∩∩#.≈≈
..............#§§§# ##.####∩∩#.≈≈
(............§#§§§###...###..#..≈
......§§.....§§C@§§...:...+..+..≈
(.....§§.....§#§§§###...###..#≈≈≈
......§§.§....#.§§# ##.##∩#..#)(.
#######§##############.#..#..####
**#≈≈≈≈≈≈≈≈≈##......#+#+##..#.#.
*,+≈#'#≈≈#####.)....#.+..+..+#.#
***#≈#$#≈≈'φ# #....)[#.####..#.#.
*≈≈≈≈###≈≈#####.....)+.#.########
*≈≈≈≈≈≈≈≈≈≈≈≈##......###.#.§.....


You could see Antaeus.

Vanquished Creatures
  Gloorx Vloq (D)
  Dispater (D)
  Tiamat (D)
  Khufu (D)
  Mara (D)
  Mennas (D)
  6 greater mummies (D)
  An ancient lich (D)
  Boris (D)
  the iron giant (D)
  the Lernaean hydra (D)
  Norris (D)
  A Killer Klown (D)
  Geryon (D)
  A golden dragon (D)
  An electric golem (D)
  2 Ice Fiends (D)
  2 liches (D)
  3 Hell Sentinels (D)
  A titan (D)
  2 deep elf blademasters (D)
  2 Orb Guardians (D)
  9 acid blobs (D)
  An ancient champion (D)
  Gastronok (D)
  Harold (D)
  Chuck (D)
  2 shadow dragons (D)
  2 sphinxes (D)
  An Executioner (D)
  11 azure jellies (D)
  Roxanne (D)
  2 fire giants (D)
  3 frost giants (D)
  A greater naga (D)
  3 ghost moths (D)
  Maud (D)
  2 draconian knights (D)
  An iron dragon (D)
  2 draconian zealots (D)
  4 war gargoyles (D)
  4 stone giants (D)
  A vampire knight (D)
  Nessos (D)
  4 deep elf annihilators (D)
  Azrael (D)
  A yellow draconian (D)
  2 dire elephants (D)
  2 deep elf death magi (D)
  16 vault guards (D)
  A fire dragon (D)
  Erolcha (D)
  8 mummy priests (D)
  3 yaktaur captains (D)
  7 death oozes (D)
  A naga warrior (D)
  An ogre mage (D)
  3 hydras (D)
  A ghost crab (shapeshifter) (D)
  4 anacondas (D)
  2 hell beasts (D)
  4 death yaks (D)
  2 centaur warriors (D)
  2 iron elementals (D)
  4 dancing weapons (D)
  4 orc high priests (D)
  2 iron golems (D)
  2 sun demons (D)
  A shadow wraith (D)
  4 hell knights (D)
  6 skeletal warriors (D)
  2 ice devils (D)
  A golden dragon zombie (D)
  A death drake (shapeshifter) (D)
  2 soul eaters (D)
  A giant orange brain (D)
  A death drake (D)
  A swamp dragon (shapeshifter) (D)
  4 swamp dragons (D)
  4 deep elf summoners (D)
  2 obsidian statues (D)
  An orange crystal statue (D)
  A spriggan druid (D)
  3 spectral iron dragons (D)
  Joseph (D)
  An anubis guard (shapeshifter) (D)
  A deep elf conjurer (D)
  2 orc knights (D)
  2 oklob plants (D)
  3 shining eyes (D)
  A kraken simulacrum (D)
  A hornet (D)
  A lindwurm (D)
  A shining eye (shapeshifter) (D)
  4 crystal guardians (D)
  3 orc sorcerers (D)
  5 ugly things (D)
  10 black mambas (D)
  2 elephants (D)
  A moth of wrath (D)
  An iron troll simulacrum (D)
  3 rust devils (D)
  A stone giant skeleton (D)
  A molten gargoyle (D)
  8 statues (D)
  A guardian serpent (D)
  A komodo dragon (D)
  2 spiny frogs (D)
  A fire drake (D)
  25 guardian mummies (D)
  11 yaktaurs (D)
  4 spriggan defenders (D)
  3 wandering mushrooms (D)
  A queen bee (D)
  8 slime creatures (D)
  2 trapdoor spiders (D)
  8 blink frogs (D)
  4 redbacks (D)
  2 spriggans (D)
  A golden eye (D)
  12 shadows (D)
  2 nagas (D)
  A spatial vortex (D)
  2 hill giants (D)
  2 hydra simulacra (D)
  3 swamp drakes (D)
  A necrophage (D)
  4 water moccasins (D)
  2 wasps (D)
  A fire dragon simulacrum (D)
  A black mamba simulacrum (D)
  2 brain worms (D)
  3 two-headed ogres (D)
  A water elemental (D)
  29 killer bees (D)
  A wizard (D)
  A jelly (D)
  12 quasits (D)
  2 orc priests (D)
  2 necromancers (D)
  A wolf (D)
  A polar bear simulacrum (D)
  A wolf simulacrum (D)
  A kobold demonologist (D)
  3 humans (D)
  7 adders (D)
  6 giant eyeballs (D)
  2 oozes (D)
  10 orcs (D)
  2 rats (D)
  2 bushes (D)
  10 butterflies (D)
  33 plants (D)
491 creatures vanquished.

Vanquished Creatures (collateral kills)
  Rupert (D)
  A frost giant (D)
  A vampire knight (D)
  2 vault guards (D)
  An orc knight (D)
  A deep elf priest (D)
  3 killer bees (D)
  An orc (D)
11 creatures vanquished.

Vanquished Creatures (others)
  the royal jelly (D)
  6 acid blobs (D)
  6 azure jellies (D)
  2 draconian scorchers (D)
  A draconian shifter (D)
  A draconian caller (D)
  7 death oozes (D)
  4 dancing weapons (D)
  3 yaktaurs (D)
  A guardian mummy (D)
  A slime creature (D)
  An electric eel (D)
  22 plants (D)
56 creatures vanquished.

Grand Total: 558 creatures vanquished

Notes
Turn   | Place    | Note
--------------------------------------------------------------
     0 | D        | Kidiri the Spriggan Enchanter began the quest for the Orb.
     0 | D        | Reached XP level 1. HP: 9/9 MP: 5/5
     4 | D        | Reached skill level 5 in Stealth
     9 | D        | Reached XP level 2. HP: 9/14 MP: 7/7
    13 | D        | Learned a level 2 spell: Ensorcelled Hibernation
   136 | D        | Reached skill level 1 in Fighting
   150 | D        | Noticed a wolf
   162 | D        | Killed a wolf
   162 | D        | Reached skill level 6 in Stealth
   162 | D        | Reached XP level 3. HP: 18/18 MP: 5/9
   173 | D        | Learned a level 3 spell: Confuse
   177 | D        | Learned a level 3 spell: Dazzling Spray
   230 | D        | Killed a white draconian scorcher
   243 | D        | Reached skill level 1 in Armour
   243 | D        | Reached skill level 5 in Dodging
   243 | D        | Reached skill level 1 in Ice Magic
   250 | D        | Killed a yaktaur
   253 | D        | Killed a yaktaur
   255 | D        | Killed a white draconian scorcher
   343 | D        | Gained mutation: You have an increased reservoir of magic (+10% MP). [potion of mutation]
   343 | D        | Gained mutation: Your spells are a little easier to cast, but a little less powerful. [potion of mutation]
   343 | D        | Lost mutation: Your spells are a little easier to cast, but a little less powerful. [potion of mutation]
   344 | D        | Gained mutation: You are partially covered in rough black scales (AC +4, Dex -1). [potion of mutation]
   344 | D        | Gained mutation: You regenerate slowly when monsters are visible. [potion of mutation]
   372 | D        | Noticed a water elemental
   374 | D        | Killed a water elemental
   374 | D        | Reached skill level 7 in Stealth
   374 | D        | Reached skill level 5 in Spellcasting
   374 | D        | Reached XP level 4. HP: 23/23 MP: 11/13
   398 | D        | Learned a level 3 spell: Tukima's Dance
   398 | D        | Noticed a jelly
   399 | D        | Noticed a shadow
   401 | D        | Killed a shadow
   401 | D        | Reached skill level 5 in Short Blades
   401 | D        | Reached skill level 8 in Stealth
   401 | D        | Reached skill level 1 in Conjurations
   401 | D        | Reached skill level 5 in Hexes
   401 | D        | Reached XP level 5. HP: 27/27 MP: 14/16
   405 | D        | Killed a jelly
   405 | D        | Reached skill level 9 in Stealth
   405 | D        | Reached XP level 6. HP: 32/32 MP: 15/18
   423 | D        | Found a stormy altar of Qazlal.
   424 | D        | Noticed a spatial vortex
   424 | D        | Found a sacrificial altar of Ru.
   424 | D        | Found a burning altar of Makhleb.
   424 | D        | Found a viscous altar of Jiyva.
   424 | D        | Found a shimmering altar of Xom.
   424 | D        | Found a shadowy altar of Dithmenos.
   424 | D        | Found a sparkling altar of Nemelex Xobeh.
   424 | D        | Found a corrupted altar of Lugonu.
   424 | D        | Found an opulent altar of Gozag.
   428 | D        | Became a worshipper of Dithmenos the Shadowed
   454 | D        | Killed a spatial vortex
   454 | D        | Reached skill level 1 in Invocations
   573 | D        | Found a radiant altar of Vehumet.
   574 | D        | Found a deep blue altar of Sif Muna.
   574 | D        | Found an ancient bone altar of Kikubaaqudgha.
   574 | D        | Noticed a wizard
   575 | D        | Killed a wizard
   585 | D        | Reached skill level 10 in Stealth
   653 | D        | Found a glowing silver altar of Zin.
   654 | D        | Found a glowing golden altar of the Shining One.
   654 | D        | Found a white marble altar of Elyvilon.
   654 | D        | Noticed a deep elf priest
   667 | D        | Killed a deep elf priest
   667 | D        | Reached * piety under Dithmenos
   667 | D        | Reached XP level 7. HP: 29/36 MP: 8/20
   741 | D        | Found an iron altar of Okawaru.
   742 | D        | Found a bloodstained altar of Trog.
   742 | D        | Noticed a human
   742 | D        | Noticed a human
   744 | D        | Killed a human
   755 | D        | Killed a human
   755 | D        | Reached skill level 10 in Dodging
   755 | D        | Reached skill level 11 in Stealth
   799 | D        | Found a snail-covered altar of Cheibriados.
   799 | D        | Noticed a necrophage
   800 | D        | Found a basalt altar of Yredelemnul.
   800 | D        | Found a blossoming altar of Fedhas.
   800 | D        | Noticed a necromancer
   801 | D        | Killed a necrophage
   801 | D        | Reached ** piety under Dithmenos
   802 | D        | Killed a necromancer
   904 | D        | Noticed a two-headed ogre
   904 | D        | Noticed a two-headed ogre
   908 | D        | Killed a two-headed ogre
   908 | D        | Reached XP level 8. HP: 42/42 MP: 23/23
   910 | D        | Killed a two-headed ogre
   912 | D        | Noticed a two-headed ogre
   913 | D        | Killed a two-headed ogre
   913 | D        | Reached *** piety under Dithmenos
   918 | D        | Noticed a hill giant
   921 | D        | Killed a hill giant
   926 | D        | Noticed a hill giant
   926 | D        | Noticed Erolcha
   936 | D        | Killed a hill giant
   936 | D        | Reached skill level 12 in Stealth
   945 | D        | Killed Erolcha
   945 | D        | Reached skill level 13 in Stealth
   945 | D        | Reached skill level 10 in Spellcasting
   945 | D        | Reached XP level 9. HP: 46/46 MP: 19/26
  1035 | D        | Noticed a redback
  1048 | D        | Killed a redback
  1050 | D        | Noticed a trapdoor spider
  1062 | D        | Killed a trapdoor spider
  1062 | D        | Reached **** piety under Dithmenos
  1172 | D        | Noticed a trapdoor spider
  1187 | D        | Killed a trapdoor spider
  1249 | D        | Noticed a killer bee
  1249 | D        | Noticed a killer bee
  1249 | D        | Noticed a killer bee
  1249 | D        | Noticed a killer bee
  1249 | D        | Noticed a killer bee
  1249 | D        | Noticed a killer bee
  1249 | D        | Noticed a killer bee
  1249 | D        | Noticed a killer bee
  1249 | D        | Noticed a killer bee
  1249 | D        | Noticed a killer bee
  1249 | D        | Noticed a killer bee
  1249 | D        | Noticed a killer bee
  1249 | D        | Noticed a killer bee
  1249 | D        | Noticed a killer bee
  1249 | D        | Noticed a killer bee
  1250 | D        | Noticed a queen bee
  1250 | D        | Noticed a killer bee
  1250 | D        | Noticed a killer bee
  1250 | D        | Noticed a killer bee
  1250 | D        | Noticed a killer bee
  1250 | D        | Noticed a killer bee
  1250 | D        | Noticed a killer bee
  1250 | D        | Noticed a killer bee
  1250 | D        | Noticed a killer bee
  1250 | D        | Noticed a killer bee
  1250 | D        | Noticed a killer bee
  1250 | D        | Noticed a killer bee
  1250 | D        | Noticed a killer bee
  1250 | D        | Noticed a killer bee
  1250 | D        | Noticed a killer bee
  1250 | D        | Noticed a killer bee
  1250 | D        | Noticed a killer bee
  1250 | D        | Noticed a killer bee
  1252 | D        | Killed a killer bee
  1255 | D        | Killed a killer bee
  1260 | D        | Killed a killer bee
  1262 | D        | Killed a killer bee
  1262 | D        | Killed a killer bee
  1262 | D        | Reached ***** piety under Dithmenos
  1273 | D        | Killed a killer bee
  1275 | D        | Killed a killer bee
  1277 | D        | Killed a killer bee
  1279 | D        | Killed a killer bee
  1279 | D        | Reached skill level 5 in Fighting
  1307 | D        | Killed a killer bee
  1313 | D        | Killed a killer bee
  1326 | D        | Killed a killer bee
  1466 | D        | Killed a killer bee
  1466 | D        | Reached skill level 14 in Stealth
  1466 | D        | Reached skill level 5 in Ice Magic
  1471 | D        | Killed a killer bee
  1477 | D        | Killed a killer bee
  1477 | D        | Reached skill level 10 in Short Blades
  1556 | D        | Killed a killer bee
  1567 | D        | Killed a killer bee
  1591 | D        | Killed a killer bee
  1591 | D        | Reached ****** piety under Dithmenos
  1593 | D        | Killed a killer bee
  1625 | D        | Killed a killer bee
  1627 | D        | Killed a killer bee
  1628 | D        | Killed a killer bee
  1629 | D        | Killed a killer bee
  1630 | D        | Killed a killer bee
  1630 | D        | Killed a killer bee
  1632 | D        | Killed a killer bee
  1632 | D        | Killed a killer bee
  1632 | D        | Killed a queen bee
  1632 | D        | Reached XP level 10. HP: 51/51 MP: 1/28
  1762 | D        | Killed a killer bee
  1768 | D        | Killed a killer bee
  1770 | D        | Killed a killer bee
  1776 | D        | Killed a killer bee
  1805 | D        | Killed a killer bee
  1831 | D        | Killed an electric eel
  1921 | D        | Noticed a wandering mushroom
  1922 | D        | Noticed a wandering mushroom
  1922 | D        | Noticed a wandering mushroom
  1923 | D        | Killed a wandering mushroom
  1927 | D        | Killed a wandering mushroom
  1931 | D        | Killed a wandering mushroom
  1931 | D        | Reached skill level 15 in Stealth
  2030 | D        | Noticed a spiny frog
  2030 | D        | Noticed a komodo dragon
  2030 | D        | Noticed a spiny frog
  2033 | D        | Killed a spiny frog
  2035 | D        | Killed a komodo dragon
  2036 | D        | Killed a spiny frog
  2039 | D        | Noticed a redback
  2041 | D        | Killed a redback
  2041 | D        | Reached skill level 5 in Armour
  2042 | D        | Noticed a brain worm
  2045 | D        | Killed a brain worm
  2052 | D        | Noticed a brain worm
  2054 | D        | Killed a brain worm
  2057 | D        | Noticed a lindwurm
  2059 | D        | Noticed a redback
  2060 | D        | Killed a lindwurm
  2060 | D        | Reached skill level 5 in Conjurations
  2062 | D        | Killed a redback
  2068 | D        | Noticed a redback
  2069 | D        | Killed a redback
  2070 | D        | Noticed Maud
  2073 | D        | Killed Maud
  2073 | D        | Reached skill level 16 in Stealth
  2073 | D        | Reached XP level 11. HP: 56/56 MP: 29/31
  2085 | D        | Noticed a five-headed hydra
  2085 | D        | Noticed an eight-headed hydra
  2087 | D        | Killed a five-headed hydra
  2088 | D        | Killed an eight-headed hydra
  2088 | D        | Reached skill level 15 in Dodging
  2088 | D        | Reached skill level 10 in Hexes
  2108 | D        | Noticed a death drake
  2110 | D        | Killed a death drake
  2117 | D        | Found a blossoming altar of Fedhas.
  2117 | D        | Noticed a spriggan
  2118 | D        | Noticed a spriggan druid
  2118 | D        | Noticed a spriggan
  2120 | D        | Killed a spriggan druid
  2121 | D        | Killed a spriggan
  2121 | D        | Reached skill level 17 in Stealth
  2122 | D        | Killed a spriggan
  2167 | D        | Noticed a swamp drake
  2167 | D        | Noticed a swamp dragon
  2167 | D        | Noticed a swamp dragon
  2169 | D        | Killed a swamp drake
  2172 | D        | Noticed a swamp drake
  2173 | D        | Killed a swamp dragon
  2174 | D        | Found Puntecs's Distillery.
  2174 | D        | Found Magh's Antique Weapon Shop.
  2174 | D        | Found Kyruux's Book Shoppe.
  2174 | D        | Noticed a swamp dragon
  2174 | D        | Noticed a swamp dragon
  2176 | D        | Killed a swamp dragon
  2178 | D        | Killed a swamp drake
  2180 | D        | Killed a swamp dragon
  2194 | D        | Killed a swamp dragon
  2395 | D        | Noticed a swamp drake
  2395 | D        | Noticed a fire drake
  2396 | D        | Killed a fire drake
  2398 | D        | Killed a swamp drake
  2405 | D        | Noticed a blink frog
  2406 | D        | Noticed a blink frog
  2406 | D        | Noticed a blink frog
  2406 | D        | Noticed a blink frog
  2407 | D        | Killed a blink frog
  2408 | D        | Noticed a blink frog
  2411 | D        | Killed a blink frog
  2413 | D        | Killed a blink frog
  2418 | D        | Killed a blink frog
  2423 | D        | Killed a blink frog
  2520 | D        | Noticed Rupert
  2520 | D        | Paralysed by Rupert for 2 turns
  2530 | D        | Killed Rupert
  2530 | D        | Reached skill level 18 in Stealth
  2555 | D        | Noticed a death yak
  2556 | D        | Noticed a death yak
  2556 | D        | Noticed a blink frog
  2557 | D        | Noticed an azure jelly
  2557 | D        | Noticed a death yak
  2557 | D        | Noticed an azure jelly
  2557 | D        | Noticed a blink frog
  2557 | D        | Noticed a death yak
  2558 | D        | Killed a death yak
  2558 | D        | Reached XP level 12. HP: 63/63 MP: 29/34
  2559 | D        | Killed a death yak
  2560 | D        | Killed a blink frog
  2561 | D        | Noticed a blink frog
  2561 | D        | Noticed a black mamba
  2562 | D        | Killed a death yak
  2563 | D        | Noticed a black mamba
  2564 | D        | Killed a death yak
  2565 | D        | Killed a blink frog
  2566 | D        | Killed a blink frog
  2572 | D        | Killed a black mamba
  2574 | D        | Killed a black mamba
  2607 | D        | Noticed a water moccasin
  2608 | D        | Noticed an anaconda
  2608 | D        | Noticed a water moccasin
  2608 | D        | Noticed an anaconda
  2608 | D        | Noticed a black mamba
  2608 | D        | Noticed a black mamba
  2610 | D        | Killed an anaconda
  2610 | D        | Reached skill level 15 in Spellcasting
  2611 | D        | Killed a water moccasin
  2614 | D        | Killed a black mamba
  2614 | D        | Reached skill level 19 in Stealth
  2625 | D        | Killed a water moccasin
  2628 | D        | Killed a black mamba
  2629 | D        | Killed an anaconda
  2782 | D        | Noticed a black mamba
  2782 | D        | Noticed a black mamba
  2782 | D        | Noticed an anaconda
  2782 | D        | Noticed a black mamba
  2786 | D        | Killed a black mamba
  2792 | D        | Killed a black mamba
  2798 | D        | Killed an anaconda
  2802 | D        | Killed a black mamba
  2874 | D        | Noticed an anaconda
  2874 | D        | Noticed a black mamba
  2874 | D        | Noticed a black mamba
  2874 | D        | Noticed a water moccasin
  2874 | D        | Noticed a water moccasin
  2874 | D        | Noticed a black mamba
  2876 | D        | Killed an anaconda
  2877 | D        | Killed a black mamba
  2879 | D        | Killed a water moccasin
  2882 | D        | Killed a black mamba
  2885 | D        | Killed a black mamba
  2887 | D        | Killed a water moccasin
  2916 | D        | Noticed a naga
  2916 | D        | Noticed a naga
  2917 | D        | Noticed a naga warrior
  2917 | D        | Noticed a greater naga
  2917 | D        | Found Capau's Distillery.
  2917 | D        | Found Foyl Ora's Antique Armour Emporium.
  2918 | D        | Killed a naga
  2919 | D        | Found Omack's Gadget Shop.
  2920 | D        | Killed a greater naga
  2921 | D        | Killed a naga warrior
  2921 | D        | Reached skill level 20 in Stealth
  2922 | D        | Killed a naga
  2945 | D        | Noticed a guardian serpent
  2949 | D        | Killed a guardian serpent
  2949 | D        | Reached XP level 13. HP: 68/68 MP: 28/37
  2954 | D        | Got a serpentine rune of Zot
  3031 | D        | Noticed an azure jelly
  3031 | D        | Noticed an azure jelly
  3032 | D        | Noticed an elephant
  3032 | D        | Noticed an elephant
  3032 | D        | Noticed a dire elephant
  3032 | D        | Noticed a dire elephant
  3032 | D        | Noticed Gastronok
  3034 | D        | Killed Gastronok
  3034 | D        | Reached skill level 15 in Short Blades
  3035 | D        | Killed a dire elephant
  3074 | D        | Killed an elephant
  3080 | D        | Killed a dire elephant
  3100 | D        | Killed an elephant
  3335 | D        | Noticed an orc sorcerer
  3335 | D        | Noticed an orc high priest
  3335 | D        | Noticed an orc sorcerer
  3335 | D        | Noticed an orc knight
  3336 | D        | Noticed an orc knight
  3337 | D        | Noticed an orc sorcerer
  3337 | D        | Noticed an orc priest
  3337 | D        | Found Hudwet's Assorted Antiques.
  3338 | D        | Killed an orc knight
  3340 | D        | Killed an orc sorcerer
  3341 | D        | Killed an orc sorcerer
  3343 | D        | Killed an orc priest
  3348 | D        | Killed an orc sorcerer
  3353 | D        | Killed an orc high priest
  3361 | D        | Killed an orc knight
  3430 | D        | Bought a scroll of blinking for 247 gold pieces
  3430 | D        | Bought a potion of heal wounds for 165 gold pieces
  3430 | D        | Bought a potion of curing for 99 gold pieces
  3625 | D        | Bought a Young Poisoner's Handbook for 440 gold pieces
  3680 | D        | Learned a level 3 spell: Mephitic Cloud
  3683 | D        | Learned a level 2 spell: Cure Poison
  3689 | D        | Learned a level 5 spell: Venom Bolt
  3694 | D        | Learned a level 4 spell: Olgreb's Toxic Radiance
  3750 | D        | Noticed a deep elf summoner
  3750 | D        | Noticed a deep elf summoner
  3750 | D        | Noticed a deep elf summoner
  3750 | D        | Noticed a deep elf summoner
  3750 | D        | Noticed a deep elf conjurer
  3757 | D        | Killed a yaktaur
  3757 | D        | Killed a deep elf summoner
  3759 | D        | Noticed a deep elf annihilator
  3760 | D        | Killed a deep elf summoner
  3760 | D        | Reached skill level 21 in Stealth
  3764 | D        | Killed a deep elf conjurer
  3764 | D        | Reached skill level 1 in Poison Magic
  3765 | D        | Killed a deep elf summoner
  3765 | D        | Reached skill level 1 in Air Magic
  3766 | D        | Killed a deep elf summoner
  3772 | D        | Noticed a deep elf annihilator
  4003 | D        | Noticed a deep elf annihilator
  4005 | D        | Noticed a deep elf annihilator
  4006 | D        | Noticed a deep elf death mage
  4010 | D        | Noticed a deep elf blademaster
  4034 | D        | Killed a deep elf annihilator
  4238 | D        | Noticed a deep elf death mage
  4247 | D        | Killed a deep elf annihilator
  4254 | D        | Killed a ghostly deep elf annihilator
  4264 | D        | Killed a deep elf annihilator
  4497 | D        | Killed a deep elf death mage
  4779 | D        | Killed a deep elf death mage
  4912 | D        | Killed a ghostly deep elf death mage
  5157 | D        | Killed a deep elf annihilator
  5664 | D        | Noticed Harold
  5664 | D        | Noticed Joseph
  5666 | D        | Killed Harold
  5667 | D        | Killed Joseph
  5685 | D        | Noticed an orc high priest
  5685 | D        | Noticed an orc high priest
  5686 | D        | Noticed an orc priest
  5686 | D        | Noticed an orc high priest
  5687 | D        | Killed an orc high priest
  5688 | D        | Killed an orc high priest
  5690 | D        | Killed an orc priest
  5691 | D        | Killed an orc high priest
  5768 | D        | Noticed a spriggan defender
  5769 | D        | Noticed a spriggan defender
  5769 | D        | Noticed a spriggan defender
  5769 | D        | Noticed a spriggan defender
  5770 | D        | Killed a spriggan defender
  5771 | D        | Killed a spriggan defender
  5777 | D        | Killed a spriggan defender
  5781 | D        | Killed a spriggan defender
  6021 | D        | Noticed an obsidian statue
  6031 | D        | Killed an obsidian statue
  6031 | D        | Reached skill level 22 in Stealth
  6043 | D        | Found Adim's Food Emporium.
  6043 | D        | Found Jerour's Magic Scroll Shop.
  6043 | D        | Found Bettaseapi's Distillery.
  6043 | D        | Found Kypiakhlif's Antique Weapon Boutique.
  6043 | D        | Found Sepigoan's Armour Emporium.
  6043 | D        | Found Jifips's Jewellery Shop.
  6043 | D        | Found Everrono's Book Emporium.
  6043 | D        | Found Sevur's Distillery.
  6044 | D        | Found Farefoc's Antique Armour Boutique.
  6044 | D        | Found Beffir Penu's Magic Scroll Shoppe.
  6044 | D        | Found Otuschuo's Gadget Shop.
  6044 | D        | Found Vichi's Magic Scroll Emporium.
  6069 | D        | Bought a book of Burglary for 900 gold pieces
  6087 | D        | Learned a level 3 spell: Passwall
  6092 | D        | Learned a level 4 spell: Passage of Golubria
  6098 | D        | Learned a level 5 spell: Lee's Rapid Deconstruction
  6105 | D        | Learned a level 6 spell: Invisibility
  6109 | D        | Bought a scroll of acquirement for 676 gold pieces
  6111 | D        | Got a polished rapier
  6112 | D        | Identified the +0 rapier "Pexkamma" {drain, rF+ MP-9 Str+4 Int+3} (You acquired it in the Dungeon)
  6127 | D        | Bought a potion of beneficial mutation for 420 gold pieces
  6127 | D        | Bought a potion of curing for 36 gold pieces
  6127 | D        | Bought a potion of curing for 36 gold pieces
  6127 | D        | Bought a potion of curing for 36 gold pieces
  6127 | D        | Bought a potion of curing for 36 gold pieces
  6127 | D        | Bought a potion of heal wounds for 60 gold pieces
  6127 | D        | Bought 2 potions of magic for 192 gold pieces
  6127 | D        | Bought 2 potions of curing for 72 gold pieces
  6127 | D        | Gained mutation: You are robust (+10% HP). [potion of beneficial mutation]
  6134 | D        | Bought a scroll of magic mapping for 49 gold pieces
  6139 | D        | Bought a scroll of enchant armour for 97 gold pieces
  6144 | D        | Bought a scroll of enchant armour for 90 gold pieces
  6144 | D        | Bought a scroll of enchant weapon for 90 gold pieces
  6218 | D        | Noticed a slime creature
  6220 | D        | Killed a slime creature
  6232 | D        | Noticed a fire dragon
  6235 | D        | Killed a fire dragon
  6235 | D        | Reached XP level 14. HP: 82/82 MP: 31/40
  6242 | D        | Noticed a centaur warrior
  6246 | D        | Killed a centaur warrior
  6246 | D        | Reached skill level 1 in Translocations
  6246 | D        | Reached skill level 1 in Transmutations
  6266 | D        | Noticed a slime creature
  6268 | D        | Killed a slime creature
  6284 | D        | Noticed a long sword of protection
  6284 | D        | Noticed a glaive of freezing
  6284 | D        | Noticed a flail of venom
  6285 | D        | Noticed a vampiric long sword
  6286 | D        | Killed a glaive of freezing
  6286 | D        | Reached skill level 1 in Earth Magic
  6304 | D        | Killed a long sword of protection
  6372 | D        | Killed a vampiric long sword
  6375 | D        | Killed a flail of venom
  6721 | D        | Got a tattered robe
  6777 | D        | Identified the cursed +1 robe of Anarchy {rF- MR+ Int+6 Dex+4} (You took it off a deep elf death mage in the Dungeon)
  7066 | D        | Killed a deep elf blademaster
  7084 | D        | Got a dazzling helmet
  7091 | D        | Identified Spellcraft, Part Six
  7091 | D        | Identified Asmodeus's Compendium of Conjuration
  7328 | D        | Noticed a crystal guardian
  7328 | D        | Noticed a crystal guardian
  7328 | D        | Noticed a crystal guardian
  7328 | D        | Noticed a crystal guardian
  7329 | D        | Killed a crystal guardian
  7329 | D        | Reached skill level 1 in Shields
  7332 | D        | Killed a crystal guardian
  7335 | D        | Killed a crystal guardian
  7338 | D        | Killed a crystal guardian
  7384 | D        | Noticed a yaktaur captain
  7384 | D        | Noticed a white ugly thing
  7385 | D        | Noticed a red ugly thing
  7385 | D        | Noticed a red ugly thing
  7387 | D        | Killed a white ugly thing
  7389 | D        | Killed a red ugly thing
  7391 | D        | Killed a red ugly thing
  7439 | D        | Killed a yaktaur captain
  7761 | D        | Noticed Chuck
  7761 | D        | Noticed a death drake
  7762 | D        | Noticed a giant orange brain
  7762 | D        | Noticed a slime creature
  7762 | D        | a giant orange brain changed into a ghost crab
  7768 | D        | Killed a death drake
  7770 | D        | Killed a slime creature
  7777 | D        | Killed Chuck
  7844 | D        | Got a fine quarterstaff
  7926 | D        | Noticed Norris
  7928 | D        | Killed Norris
  7928 | D        | Reached skill level 5 in Translocations
  7928 | D        | Reached skill level 5 in Poison Magic
  7952 | D        | Noticed a lich
  7952 | D        | Noticed a slime creature
  7961 | D        | Killed a lich
  7961 | D        | Reached skill level 23 in Stealth
  7961 | D        | Reached skill level 5 in Transmutations
  7963 | D        | Killed a slime creature
  8048 | D        | Learned a level 6 spell: Darkness
  8057 | D        | Noticed a swamp dragon
  8059 | D        | Killed a swamp dragon
  8059 | D        | Reached skill level 10 in Ice Magic
  8060 | D        | Noticed a deep troll
  8060 | D        | Noticed a shadow dragon
  8060 | D        | Noticed an ogre mage
  8060 | D        | Noticed a shadow dragon
  8061 | D        | Noticed a slime creature
  8062 | D        | Killed a shadow dragon
  8063 | D        | Killed a shadow dragon
  8064 | D        | Killed an ogre mage
  8064 | D        | Reached skill level 10 in Fighting
  8064 | D        | Reached skill level 5 in Air Magic
  8065 | D        | Noticed a shock serpent
  8066 | D        | Killed a slime creature
  8068 | D        | a deep troll changed into a shining eye
  8071 | D        | a shock serpent changed into a shining eye
  8201 | D        | Noticed an obsidian statue
  8213 | D        | Killed an obsidian statue
  8378 | D        | Noticed a skeletal warrior
  8379 | D        | Noticed an iron golem
  8380 | D        | Killed a skeletal warrior
  8381 | D        | Killed an iron golem
  8402 | D        | Noticed a necromancer
  8408 | D        | Killed a necromancer
  8467 | D        | Noticed a hell knight
  8467 | D        | Noticed a hell knight
  8468 | D        | Noticed a hell knight
  8468 | D        | Noticed a hell knight
  8469 | D        | Killed a hell knight
  8470 | D        | Killed a hell knight
  8472 | D        | Killed a hell knight
  8473 | D        | Killed a hell knight
  8510 | D        | Noticed a lich
  8512 | D        | Killed a lich
  8512 | D        | Reached XP level 15. HP: 88/88 MP: 37/42
  8539 | D        | Noticed a guardian mummy
  8539 | D        | Noticed a sphinx
  8539 | D        | Noticed a sphinx
  8544 | D        | Killed a guardian mummy
  8551 | D        | Killed a sphinx
  8551 | D        | Reached skill level 5 in Shields
  8620 | D        | Killed a sphinx
  8660 | D        | Noticed a guardian mummy
  8664 | D        | Noticed a mummy priest
  8665 | D        | Killed a mummy priest
  8666 | D        | Killed a guardian mummy
  8703 | D        | Noticed a guardian mummy
  8704 | D        | Noticed a guardian mummy
  8705 | D        | Killed a guardian mummy
  8719 | D        | Killed a guardian mummy
  8813 | D        | Noticed a guardian mummy
  8814 | D        | Noticed a guardian mummy
  8814 | D        | Noticed a guardian mummy
  8815 | D        | Killed a guardian mummy
  8815 | D        | Reached skill level 5 in Earth Magic
  8816 | D        | Killed a guardian mummy
  8817 | D        | Killed a guardian mummy
  8941 | D        | Noticed a guardian mummy
  8942 | D        | Noticed a mummy priest
  8943 | D        | Killed a guardian mummy
  9066 | D        | Noticed a guardian mummy
  9067 | D        | Killed a mummy priest
  9075 | D        | Killed a guardian mummy
  9081 | D        | Noticed a guardian mummy
  9083 | D        | Killed a guardian mummy
  9523 | D        | Killed an azure jelly
  9591 | D        | Killed an azure jelly
  9591 | D        | Reached skill level 24 in Stealth
  9592 | D        | Killed an azure jelly
  9602 | D        | Killed an azure jelly
  9767 | D        | Noticed a six-headed hydra
  9767 | D        | Noticed the 27-headed Lernaean hydra
  9769 | D        | Killed the 27-headed Lernaean hydra
  9769 | D        | Reached skill level 15 in Hexes
  9771 | D        | Killed a six-headed hydra
  9779 | D        | Got a decaying rune of Zot
  9983 | D        | Noticed a frost giant
  9983 | D        | Noticed a vault guard
  9983 | D        | Noticed a vault guard
  9983 | D        | Noticed a red ugly thing
  9984 | D        | Noticed a frost giant
  9984 | D        | Noticed a vault guard
  9984 | D        | Noticed a vault guard
  9984 | D        | Noticed a frost giant
  9984 | D        | Noticed a vault guard
  9984 | D        | Noticed a vault guard
  9984 | D        | Noticed a skeletal warrior
  9984 | D        | Noticed a golden dragon
  9984 | D        | Noticed a vault guard
  9984 | D        | Noticed a vault guard
  9984 | D        | Noticed a skeletal warrior
  9984 | D        | Noticed a stone giant
  9984 | D        | Noticed a vault guard
  9984 | D        | Noticed a vault guard
  9984 | D        | Noticed a stone giant
  9984 | D        | Noticed a vault guard
  9984 | D        | Noticed a vault guard
  9984 | D        | Noticed a titan
  9984 | D        | Noticed a vault guard
  9984 | D        | Noticed a vault guard
  9984 | D        | Noticed a fire giant
  9984 | D        | Noticed a vault guard
  9984 | D        | Noticed a vault guard
  9987 | D        | Noticed a white ugly thing
  9988 | D        | Noticed a centaur warrior
  9991 | D        | Killed a skeletal warrior
  9991 | D        | Killed a white ugly thing
  9991 | D        | Killed a vault guard
  9996 | D        | Killed a red ugly thing
 10026 | D        | Killed a vault guard
 10071 | D        | Killed a vault guard
 10078 | D        | Killed a vault guard
 10228 | D        | Killed a vault guard
 10245 | D        | Killed a vault guard
 10249 | D        | Killed a vault guard
 10345 | D        | Killed a vault guard
 10353 | D        | Killed a vault guard
 10353 | D        | Reached skill level 10 in Armour
 10382 | D        | Killed a vault guard
 10389 | D        | Killed a skeletal warrior
 10389 | D        | Reached skill level 10 in Translocations
 10462 | D        | Killed a frost giant
 10523 | D        | Killed a vault guard
 10533 | D        | Killed a frost giant
 10546 | D        | Killed a vault guard
 10655 | D        | Killed a vault guard
 10655 | D        | Reached skill level 10 in Conjurations
 10726 | D        | Killed a titan
 10726 | D        | Reached skill level 25 in Stealth
 10914 | D        | Killed a stone giant
 11125 | D        | Killed a vault guard
 11210 | D        | Killed a centaur warrior
 11450 | D        | Killed a golden dragon
 11450 | D        | Reached XP level 16. HP: 49/92 MP: 30/45
 11466 | D        | Killed a vault guard
 11683 | D        | Killed a fire giant
 11714 | D        | Killed a frost giant
 11725 | D        | Killed a vault guard
 11726 | D        | Killed a stone giant
 11746 | D        | Got a silver rune of Zot
 11748 | D        | Identified the Grimoire of Mutagenic Snow
 11753 | D        | Identified Utainuh's Guide on Mutagenic Enchantment
 11778 | D        | Got a jewelled cloak
 11789 | D        | Identified the +0 cloak of the Comet {rPois rC- rCorr} (You acquired it in the Dungeon)
 11990 | D        | Learned a level 6 spell: Poisonous Cloud
 12033 | D        | Noticed a yaktaur
 12033 | D        | Noticed a yaktaur
 12033 | D        | Noticed a yaktaur
 12034 | D        | Noticed a yaktaur captain
 12035 | D        | Killed a yaktaur
 12041 | D        | Killed a yaktaur
 12049 | D        | Killed a yaktaur
 12056 | D        | Killed a yaktaur captain
 12092 | D        | Noticed Azrael
 12094 | D        | Killed Azrael
 12094 | D        | Reached skill level 10 in Transmutations
 12118 | D        | Got a pitted glass ring
 12120 | D        | Identified the ring "Huwastom" {rPois rN+ Int+5 Dex+3} (You acquired it in the Dungeon)
 12283 | D        | Noticed a skeletal warrior
 12290 | D        | Killed a skeletal warrior
 12571 | D        | Noticed a guardian mummy
 12571 | D        | Noticed a guardian mummy
 12571 | D        | Noticed a mummy priest
 12571 | D        | Noticed a mummy priest
 12571 | D        | Noticed a guardian mummy
 12571 | D        | Noticed a guardian mummy
 12571 | D        | Noticed a mummy priest
 12571 | D        | Noticed a greater mummy
 12571 | D        | Noticed a guardian mummy
 12571 | D        | Noticed a guardian mummy
 12571 | D        | Noticed a mummy priest
 12571 | D        | Noticed a greater mummy
 12571 | D        | Noticed a guardian mummy
 12571 | D        | Noticed a guardian mummy
 12571 | D        | Noticed a mummy priest
 12572 | D        | Killed a guardian mummy
 12578 | D        | Killed a guardian mummy
 12587 | D        | Killed a guardian mummy
 12932 | D        | Killed a mummy priest
 13148 | D        | Killed a mummy priest
 13150 | D        | Killed a mummy priest
 13157 | D        | Got a slimy plate armour
 13379 | D        | Killed a mummy priest
 13477 | D        | Killed a mummy priest
 13587 | D        | Killed a greater mummy
 13587 | D        | Reached skill level 26 in Stealth
 13795 | D        | Killed a guardian mummy
 13840 | D        | Got a dazzling hat
 13851 | D        | Identified the +2 hat "Xampu" {rElec rN+ Int+4} (You acquired it in the Dungeon)
 13982 | D        | Killed a guardian mummy
 13993 | D        | Killed a guardian mummy
 14072 | D        | Killed a greater mummy
 14076 | D        | Killed a guardian mummy
 14077 | D        | Killed a guardian mummy
 14092 | D        | Got a golden rune of Zot
 14310 | D        | Noticed a fire elementalist statue
 14310 | D        | Noticed a water elementalist statue
 14310 | D        | Noticed an earth elementalist statue
 14310 | D        | Noticed an air elementalist statue
 14312 | D        | Killed a water elementalist statue
 14314 | D        | Killed a fire elementalist statue
 14315 | D        | Killed an air elementalist statue
 14453 | D        | Killed an earth elementalist statue
 14509 | D        | Noticed a spectral iron dragon
 14511 | D        | Killed a spectral iron dragon
 14514 | D        | Noticed an eight-headed hydra simulacrum
 14518 | D        | Killed an eight-headed hydra simulacrum
 14548 | D        | Found Juhy's Distillery.
 14548 | D        | Found Sebaoji's Distillery.
 14548 | D        | Found Xoep's Gadget Shop.
 14548 | D        | Found Qeask's Gadget Shoppe.
 14548 | D        | Noticed an oklob plant
 14549 | D        | Noticed an oklob plant
 14550 | D        | Killed an oklob plant
 14551 | D        | Killed an oklob plant
 14554 | D        | Bought a potion of curing for 36 gold pieces
 14554 | D        | Bought a potion of curing for 36 gold pieces
 14554 | D        | Bought a potion of curing for 36 gold pieces
 14554 | D        | Bought a potion of curing for 36 gold pieces
 14554 | D        | Bought 2 potions of heal wounds for 120 gold pieces
 14555 | D        | Bought a potion of brilliance for 40 gold pieces
 14555 | D        | Bought 2 potions of curing for 60 gold pieces
 14555 | D        | Bought a potion of agility for 40 gold pieces
 14555 | D        | Bought a potion of heal wounds for 50 gold pieces
 14555 | D        | Bought 2 potions of might for 80 gold pieces
 14555 | D        | Bought a potion of curing for 30 gold pieces
 14564 | D        | Found Umauf's Armour Boutique.
 14564 | D        | Noticed an iron troll simulacrum
 14568 | D        | Killed an iron troll simulacrum
 14600 | D        | Noticed Roxanne
 14606 | D        | Killed Roxanne
 14728 | D        | Noticed a wasp
 14731 | D        | Killed a wasp
 14736 | D        | Noticed a hornet
 14738 | D        | Noticed a wasp
 14739 | D        | Killed a hornet
 14742 | D        | Killed a wasp
 14784 | D        | Noticed a shadow wraith
 14785 | D        | Noticed a skeletal warrior
 14785 | D        | Noticed a skeletal warrior
 14785 | D        | Noticed a mummy priest
 14787 | D        | Killed a shadow wraith
 14791 | D        | Killed a skeletal warrior
 14792 | D        | Killed a skeletal warrior
 14796 | D        | Killed a mummy priest
 14889 | D        | Noticed a slime creature
 14889 | D        | Noticed a large slime creature
 14889 | D        | Noticed a slime creature
 14889 | D        | Noticed a slime creature
 14890 | D        | Killed a slime creature
 14892 | D        | Killed a large slime creature
 14894 | D        | Killed a slime creature
 14896 | D        | Killed a slime creature
 14931 | D        | Noticed a molten gargoyle
 14932 | D        | Noticed a vampire knight
 14932 | D        | Noticed Mara
 14932 | D        | Noticed a vampire knight
 14933 | D        | Killed a molten gargoyle
 14935 | D        | Killed Mara
 14935 | D        | Reached skill level 10 in Poison Magic
 14948 | D        | Killed a vampire knight
 14949 | D        | Killed a vampire knight
 15133 | D        | Noticed an ancient champion
 15134 | D        | Killed an ancient champion
 15134 | D        | Reached skill level 10 in Shields
 15239 | D        | Noticed Mennas
 15411 | D        | HP: 4/96 [Mennas/long sword of holy wrath (17)]
 15438 | D        | HP: 3/96 [Mennas/long sword of holy wrath (18)]
 15439 | D        | HP: 1/96 [Mennas/long sword of holy wrath (2)]
 15959 | D        | Killed Mennas
 15959 | D        | Reached skill level 27 in Stealth
 15959 | D        | Reached XP level 17. HP: 60/102 MP: 39/48
 16148 | D        | Noticed a pristine statue
 16148 | D        | Noticed a pristine statue
 16151 | D        | Killed a pristine statue
 16154 | D        | Killed a pristine statue
 16264 | D        | Noticed a pristine statue
 16264 | D        | Noticed a pristine statue
 16268 | D        | Killed a pristine statue
 16271 | D        | Killed a pristine statue
 16491 | D        | Noticed a spectral iron dragon
 16491 | D        | Noticed a golden dragon zombie
 16509 | D        | Killed a golden dragon zombie
 16516 | D        | Noticed a six-headed hydra simulacrum
 16516 | D        | Noticed Boris
 16516 | D        | Noticed a spectral iron dragon
 16516 | D        | Noticed a stone giant skeleton
 16517 | D        | Killed a spectral iron dragon
 16519 | D        | Killed Boris
 16520 | D        | Killed a six-headed hydra simulacrum
 16521 | D        | Killed a spectral iron dragon
 16522 | D        | Killed a stone giant skeleton
 16597 | D        | Noticed a white draconian knight
 16597 | D        | Noticed a purple draconian knight
 16597 | D        | Noticed an orc knight
 16597 | D        | Noticed a vault guard
 16597 | D        | Noticed a vault guard
 16599 | D        | Killed a white draconian knight
 16599 | D        | Reached skill level 10 in Air Magic
 16611 | D        | Killed a vault guard
 16617 | D        | Killed an orc knight
 16621 | D        | Killed a vault guard
 16631 | D        | Killed a purple draconian knight
 16831 | D        | Noticed an Executioner
 16833 | D        | Killed an Executioner
 17057 | D        | Noticed Nessos
 17059 | D        | Killed Nessos
 17075 | D        | Noticed a yellow draconian
 17076 | D        | Noticed a golden eye
 17076 | D        | Noticed a shining eye
 17076 | D        | Noticed a giant orange brain
 17078 | D        | Killed a yellow draconian
 17080 | D        | Killed a shining eye
 17082 | D        | Killed a giant orange brain
 17083 | D        | Killed a golden eye
 17120 | D        | Noticed a deep elf blademaster
 17151 | D        | Killed a deep elf blademaster
 17744 | D        | Noticed a Killer Klown
 17754 | D        | Killed a Killer Klown
 17926 | D        | Noticed an Orb Guardian
 17926 | D        | Noticed an Orb Guardian
 17926 | D        | Noticed a fire giant
 17926 | D        | Noticed a frost giant
 17926 | D        | Noticed a moth of wrath
 17928 | D        | Killed an Orb Guardian
 17928 | D        | Reached skill level 10 in Earth Magic
 17930 | D        | Killed an Orb Guardian
 17931 | D        | Killed a fire giant
 17932 | D        | Killed a frost giant
 17932 | D        | Reached skill level 15 in Translocations
 17936 | D        | Killed a moth of wrath
 17947 | D        | Noticed an ancient lich
 17949 | D        | Killed an ancient lich
 17969 | D        | Noticed a red draconian zealot
 17969 | D        | Noticed an electric golem
 17970 | D        | Noticed a red draconian zealot
 17971 | D        | Killed an electric golem
 17973 | D        | Killed a red draconian zealot
 17974 | D        | Killed a red draconian zealot
 17995 | D        | Noticed a yellow draconian caller
 17995 | D        | Noticed Tiamat
 17995 | D        | Noticed a yellow draconian shifter
 18074 | D        | Killed a yellow draconian caller
 18127 | D        | Killed a yellow draconian shifter
 18475 | D        | Killed Tiamat
 18853 | D        | Bought a scroll of blinking for 97 gold pieces
 18855 | D        | Bought a scroll of fear for 42 gold pieces
 18855 | D        | Bought a scroll of blinking for 90 gold pieces
 18947 | D        | Noticed a shining eye
 18947 | D        | Noticed an azure jelly
 18949 | D        | Killed a shining eye
 18950 | D        | Found a viscous altar of Jiyva.
 18950 | D        | Noticed the royal jelly
 18951 | D        | Killed an azure jelly
 18951 | D        | Reached skill level 27 in Dodging
 18959 | D        | Noticed a shining eye
 18959 | D        | Noticed an acid blob
 19179 | D        | Killed a shining eye
 19180 | D        | Killed an acid blob
 20958 | D        | Killed the royal jelly
 21653 | D        | Noticed a black mamba simulacrum
 21655 | D        | Killed a black mamba simulacrum
 22361 | D        | Noticed a polar bear simulacrum
 22368 | D        | Noticed a fire dragon simulacrum
 22372 | D        | Killed a polar bear simulacrum
 22376 | D        | Noticed a wolf simulacrum
 22376 | D        | Killed a wolf simulacrum
 22455 | D        | Killed a fire dragon simulacrum
 22871 | D        | Learned a level 6 spell: Bolt of Cold
 22873 | D        | Noticed an ice devil
 22873 | D        | Noticed a hell beast
 22873 | D        | Noticed a sun demon
 22873 | D        | Noticed a sun demon
 22873 | D        | Noticed a hell beast
 22873 | D        | Noticed a soul eater
 22874 | D        | Noticed a soul eater
 22874 | D        | Noticed an ice devil
 22875 | D        | Killed a sun demon
 22876 | D        | Killed a hell beast
 22880 | D        | Killed a hell beast
 22881 | D        | Killed an ice devil
 22890 | D        | Killed a soul eater
 22894 | D        | Killed an ice devil
 22896 | D        | Killed a sun demon
 22897 | D        | Killed a soul eater
 23080 | D        | Noticed a stone giant
 23080 | D        | Noticed a stone giant
 23081 | D        | Noticed a yaktaur
 23081 | D        | Noticed a yaktaur
 23081 | D        | Noticed a yaktaur
 23081 | D        | Noticed a yaktaur
 23081 | D        | Noticed a yaktaur captain
 23081 | D        | Noticed a yaktaur
 23081 | D        | Noticed Geryon
 23081 | D        | Noticed a yaktaur
 23081 | D        | Noticed a yaktaur
 23081 | D        | Noticed a yaktaur
 23082 | D        | Killed Geryon
 23083 | D        | Killed a stone giant
 23083 | D        | Reached XP level 18. HP: 110/110 MP: 27/51
 23085 | D        | Killed a stone giant
 23086 | D        | Killed a yaktaur
 23088 | D        | Killed a yaktaur captain
 23090 | D        | Killed a yaktaur
 23091 | D        | Killed a yaktaur
 23092 | D        | Killed a yaktaur
 23093 | D        | Killed a yaktaur
 23094 | D        | Killed a yaktaur
 23095 | D        | Killed a yaktaur
 23096 | D        | Killed a yaktaur
 23447 | D        | Noticed a war gargoyle
 23447 | D        | Noticed an iron elemental
 23448 | D        | Noticed a war gargoyle
 23448 | D        | Noticed the iron giant
 23448 | D        | Noticed a war gargoyle
 23449 | D        | Killed a war gargoyle
 23451 | D        | Killed a war gargoyle
 23452 | D        | Noticed a war gargoyle
 23453 | D        | Killed the iron giant
 23453 | D        | Reached skill level 15 in Transmutations
 23455 | D        | Killed an iron elemental
 23457 | D        | Killed a war gargoyle
 23460 | D        | Killed a war gargoyle
 23725 | D        | Noticed an iron golem
 23727 | D        | Killed an iron golem
 23736 | D        | Noticed a rust devil
 23736 | D        | Noticed a rust devil
 23737 | D        | Noticed an iron dragon
 23737 | D        | Noticed a rust devil
 23738 | D        | Killed a rust devil
 23740 | D        | Killed an iron dragon
 23741 | D        | Killed a rust devil
 23742 | D        | Killed a rust devil
 23755 | D        | Noticed a Hell Sentinel
 23755 | D        | Noticed an iron elemental
 23756 | D        | Killed an iron elemental
 23758 | D        | Killed a Hell Sentinel
 23764 | D        | Got a smoking gold dragon armour
 23764 | D        | Got a transparent cloak
 23782 | D        | Identified the +3 gold dragon armour of the Princeling {rPois rF+ rC+ rCorr} (You found it in the Dungeon)
 23792 | D        | Identified the +5 cloak of the Spider Nest {rN+} (You found it in the Dungeon)
 24018 | D        | Noticed a Hell Sentinel
 24018 | D        | Noticed a Hell Sentinel
 24018 | D        | Noticed Dispater
 24025 | D        | Killed Dispater
 24033 | D        | Killed a Hell Sentinel
 24036 | D        | Killed a Hell Sentinel
 24042 | D        | Got a scorched steel amulet
 24048 | D        | Got an iron rune of Zot
 24050 | D        | Identified the amulet "Quhao" {rMut Str+4} (You found it in the Dungeon)
 24460 | D        | Noticed a quasit
 24461 | D        | Noticed a quasit
 24461 | D        | Noticed a quasit
 24462 | D        | Killed a quasit
 24463 | D        | Killed a quasit
 24464 | D        | Noticed a guardian mummy
 24465 | D        | Killed a quasit
 24467 | D        | Killed a guardian mummy
 24470 | D        | Noticed a shadow
 24470 | D        | Noticed Gloorx Vloq
 24470 | D        | Noticed a greater mummy
 24470 | D        | Noticed a quasit
 24472 | D        | Killed a quasit
 24475 | D        | Killed Gloorx Vloq
 24480 | D        | Killed a greater mummy
 24485 | D        | Killed a shadow
 24713 | D        | Noticed a quasit
 24713 | D        | Noticed a guardian mummy
 24715 | D        | Killed a quasit
 24717 | D        | Killed a guardian mummy
 24720 | D        | Noticed a shadow
 24721 | D        | Noticed a quasit
 24722 | D        | Killed a shadow
 24725 | D        | Killed a quasit
 24726 | D        | Noticed a greater mummy
 24727 | D        | Noticed a guardian mummy
 24728 | D        | Killed a greater mummy
 24730 | D        | Killed a guardian mummy
 24894 | D        | Noticed a shadow
 24894 | D        | Noticed a shadow
 24895 | D        | Noticed a shadow
 24896 | D        | Killed a shadow
 24897 | D        | Killed a shadow
 24900 | D        | Noticed a shadow
 24900 | D        | Killed a shadow
 24903 | D        | Killed a shadow
 24904 | D        | Noticed an orange crystal statue
 24911 | D        | Killed an orange crystal statue
 25065 | D        | Noticed a ghost moth
 25065 | D        | Noticed a shadow
 25065 | D        | Noticed a ghost moth
 25065 | D        | Noticed a shadow
 25066 | D        | Noticed a ghost moth
 25066 | D        | Noticed a shadow
 25067 | D        | Killed a ghost moth
 25068 | D        | Killed a ghost moth
 25069 | D        | Killed a ghost moth
 25070 | D        | Noticed a shadow
 25070 | D        | Noticed a shadow
 25071 | D        | Killed a shadow
 25072 | D        | Killed a shadow
 25073 | D        | Killed a shadow
 25074 | D        | Noticed a quasit
 25074 | D        | Noticed a quasit
 25074 | D        | Noticed a quasit
 25075 | D        | Killed a shadow
 25076 | D        | Killed a shadow
 25077 | D        | Noticed a quasit
 25077 | D        | Noticed a quasit
 25077 | D        | Noticed a quasit
 25078 | D        | Killed a quasit
 25079 | D        | Killed a quasit
 25080 | D        | Killed a quasit
 25081 | D        | Noticed a guardian mummy
 25081 | D        | Noticed a guardian mummy
 25082 | D        | Killed a quasit
 25083 | D        | Killed a quasit
 25084 | D        | Killed a quasit
 25095 | D        | Killed a guardian mummy
 25119 | D        | Noticed a guardian mummy
 25119 | D        | Noticed a guardian mummy
 25119 | D        | Noticed a guardian mummy
 25120 | D        | Killed a guardian mummy
 25124 | D        | Noticed a greater mummy
 25124 | D        | Noticed Khufu
 25124 | D        | Noticed a greater mummy
 25125 | D        | Killed a guardian mummy
 25149 | D        | Killed Khufu
 25266 | D        | Killed a guardian mummy
 25266 | D        | Reached XP level 19. HP: 117/117 MP: 42/55
 25279 | D        | Killed a guardian mummy
 25282 | D        | Killed a greater mummy
 25283 | D        | Killed a greater mummy
 25297 | D        | Identified the Compendium of Execration
 25300 | D        | Got a bone rune of Zot
 25480 | D        | Learned a level 8 spell: Discord
 25505 | D        | Noticed a kraken simulacrum
 25514 | D        | Noticed a hellion
 25514 | D        | Noticed a hellion
 25573 | D        | Killed a kraken simulacrum
 25573 | D        | Reached skill level 1 in Evocations
 25575 | D        | Noticed an Ice Fiend
 25577 | D        | Killed an Ice Fiend
 25584 | D        | Noticed Antaeus
 25704 | D        | Noticed an Ice Fiend
 25706 | D        | Killed an Ice Fiend
 25727 | D        | Slain by Antaeus

Action                   |  1- 3 |  4- 6 |  7- 9 | 10-12 | 13-15 | 16-18 | 19-21 || total
-------------------------+-------+-------+-------+-------+-------+-------+-------++-------
Melee: Dagger            |    15 |    29 |    80 |   160 |    39 |       |       ||   323
       Short sword       |       |       |       |       |   152 |       |       ||   152
       Rapier            |       |       |       |       |   300 |   903 |    16 ||  1219
Throw: Throwing net      |       |       |       |       |     9 |    18 |       ||    27
 Cast: Ensorcelled Hiber |     5 |     2 |    19 |    18 |    32 |    15 |       ||    91
       Confuse           |     2 |     2 |    12 |     1 |    19 |    41 |     1 ||    78
       Dazzling Spray    |       |     7 |    17 |    29 |   202 |   162 |    14 ||   431
       Tukima's Dance    |       |     2 |       |     1 |    20 |    15 |       ||    38
       Venom Bolt        |       |       |       |       |    21 |    21 |     4 ||    46
       Olgreb's Toxic Ra |       |       |       |       |     4 |     1 |       ||     5
       Cure Poison       |       |       |       |       |     4 |     1 |       ||     5
       Mephitic Cloud    |       |       |       |       |     2 |     1 |       ||     3
       Passage of Golubr |       |       |       |       |     7 |       |       ||     7
       Passwall          |       |       |       |       |     2 |     1 |       ||     3
       Lee's Rapid Decon |       |       |       |       |     8 |    54 |       ||    62
       Darkness          |       |       |       |       |     5 |    19 |     2 ||    26
       Invisibility      |       |       |       |       |     1 |    10 |     1 ||    12
       Poisonous Cloud   |       |       |       |       |       |     5 |     1 ||     6
Invok: Shadow Step       |       |       |       |    11 |    19 |    16 |     3 ||    49
 Abil: Evoke Flight      |       |       |       |       |       |     7 |     2 ||     9
Evoke: Wand              |       |       |       |       |       |     3 |       ||     3
  Use: Potion            |     3 |     1 |       |     1 |    10 |    27 |     1 ||    43
       Scroll            |     2 |       |       |       |     9 |    18 |     3 ||    32
 Stab: Sleeping          |     5 |     3 |    15 |    56 |    59 |   106 |     6 ||   250
       Confused          |     1 |     1 |     5 |     2 |     8 |     8 |       ||    25
       Invisible         |       |       |     5 |     4 |    13 |     7 |     1 ||    30
       Held in net/web   |       |       |     1 |       |       |    21 |       ||    22
       Distracted        |       |       |       |       |     3 |     6 |     2 ||    11
  Eat: Bread ration      |       |       |       |     1 |     1 |       |       ||     2
       Fruit             |       |       |       |       |       |    11 |       ||    11
       Royal jelly       |       |       |       |       |       |     4 |     1 ||     5
